 Dungeon Crawl Stone Soup version 0.19-a0-1008-g4c63d25 (webtiles) character file.

2448 mistymad the Fighter (level 9, -1/74 HPs)
             Began as a Formicid Abyssal Knight on July 22, 2016.
             Was an Elder of Lugonu.
             Slain by an orc warrior
             ... wielding a +0 dire flail
              (15 damage)
             ... on level 8 of the Dungeon.
             The game lasted 00:18:38 (8949 turns).

mistymad the Fighter (Formicid Abyssal Knight)      Turns: 8949, Time: 00:18:39

Health: -1/74      AC: 14    Str: 20    XL:     9   Next: 78%
Magic:  10/10      EV:  8    Int: 12    God:    Lugonu [****..]
Gold:   255        SH:  0    Dex: 10    Spells: 0 memorised, 8 levels left

rFire  . . .     SeeInvis +     a - +2 falchion
rCold  + . .     Gourm    .     t - +0 chain mail
rNeg   . . .     Faith    .     m - +1 buckler
rPois  .         Spirit   .     (helmet unavailable)
rElec  .         Dismiss  .     w - +0 cloak
rCorr  .         Reflect  .     b - +1 pair of gloves
SustAt .         Harm     .     (no boots)
MR     .....                    (no amulet)
Stlth  ..........               (no ring)
                                l - ring of protection from cold (curse)

@: confused, not resistant to hostile enchantments, extremely unstealthy
A: permanent stasis, dig shafts and tunnels, four strong arms, antennae 3
a: Dig, Shaft Self, Depart the Abyss, Bend Space, Banish, Corrupt, Renounce
Religion


You were on level 8 of the Dungeon.
You worshipped Lugonu.
Lugonu was greatly pleased with you.
You were not hungry.

You visited 2 branches of the dungeon, and saw 9 of its levels.
You visited the Abyss 1 time.

You collected 376 gold pieces.
You spent 121 gold pieces at shops.

Inventory:

Hand Weapons
 a - a +2 falchion (weapon)
Armour
 b - a +1 pair of gloves (worn)
 m - a +1 buckler (worn)
 t - a +0 chain mail (worn)
 w - a +0 cloak (worn)
Jewellery
 l - a cursed ring of protection from cold (left hand)
Scrolls
 e - a scroll of recharging
 p - 5 scrolls of remove curse
 y - 5 scrolls of identify
 z - a scroll of enchant weapon
 A - 2 scrolls of enchant armour
Potions
 f - 2 potions of berserk rage
 i - 2 potions of resistance
 j - a potion of mutation {unknown}
 k - a potion of magic
 o - 2 potions of flight
 u - 3 potions of curing
 v - 2 potions of agility {unknown}
Comestibles
 c - 6 bread rations
 d - 6 meat rations
 g - 9 slices of pizza
 n - 3 royal jellies
 r - 3 fruits
 s - 3 beef jerkies


   Skills:
 + Level 8.1 Fighting
 + Level 7.2 Long Blades
 + Level 7.9 Armour
 - Level 0.8 Dodging
 - Level 4.1 Shields
 - Level 2.5 Invocations


You had 8 spell levels left.
You didn't know any spells.

Dungeon Overview and Level Annotations

Branches:
Dungeon (8/15)             Temple (1/1) D:5
   Lair: D:8-11

Altars:
Ashenzari
Cheibriados
Dithmenos
Elyvilon
Gozag
Hepliaklqana
Kikubaaqudgha
Makhleb
Nemelex Xobeh
Okawaru
Pakellas
Qazlal
Ru
Sif Muna
Uskayaw
Vehumet
Xom
Yredelemnul
Zin
The Shining One

Shops:
D:5 *=!(

Annotations:
D:3 Sigmund


Innate Abilities, Weirdness & Mutations

You are under a permanent stasis effect.
You can dig through walls and to a lower floor.
Your four strong arms can wield two-handed weapons with a shield.
You have a pair of large antennae on your head. (SInv)


Message History

You block the orc warrior's attack.
You barely miss the orc warrior.
The orc warrior is almost dead.
All of the chunks of flesh in your inventory have rotted away.
You barely miss the orc warrior.
The orc warrior is almost dead.
You block the orc warrior's attack.
You closely miss the orc warrior.
The orc warrior is almost dead.
The orc warrior hits you but does no damage.
You hit the orc warrior but do no damage.
The orc warrior is almost dead.
The orc warrior hits you with a dire flail!
* * * LOW HITPOINT WARNING * * *
You take 9 damage, and have 9/74 hp.
Okay, then.
You are confused.
You feel invigorated.
The orc warrior hits you with a dire flail!
You die...

### ##########.#
########## #..........#
#....{oo.. ##.#######.#
####{######## #.#
####.# #@#{{# #.#
#....# ##o#{# #.#
#.###### ###.# #.#
##.##...#####.# #.#
#...........(.#
#.#######...###########
#.#.........†......<...
#.#.##.....(..........
#.#.##.##...######..#


You could see an orc warrior.

Vanquished Creatures
  Grinder (D:4)
  A human (D:7)
  A steam dragon (D:8)
  Menkaure (D:5)
  Edmund (D:6)
  An ice beast (D:5)
  A phantom (D:4)
  3 ogres
  2 black bears (D:6)
  2 giant frogs
  2 scorpions
  2 crimson imps
  2 jellies (D:7)
  An orc priest (D:4)
  A hound (D:6)
  A centaur skeleton (D:7)
  A giant frog skeleton (D:4)
  Natasha (thrice) (D:4)
  2 iguanas
  4 orc wizards
  5 worker ants
  4 sheep (D:7)
  2 hound zombies
  A howler monkey zombie (D:5)
  A howler monkey skeleton (D:4)
  8 adders
  A shadow imp (D:6)
  An ooze (D:1)
  3 adder skeletons (D:7)
  5 worms
  3 giant geckos
  9 orcs
  2 bats
  5 giant cockroaches
  9 goblins
  6 hobgoblins
  11 jackals
  13 kobolds
  3 quokkas
  A ball python (D:5)
  A giant gecko zombie (D:5)
  5 giant newts
  A jackal zombie (D:6)
  6 rats
139 creatures vanquished.

Notes
Turn   | Place    | Note
-------+----------+-------------------------------------------
     0 | Abyss:1  | mistymad the Formicid Abyssal Knight began the quest for the Orb.
     0 | Abyss:1  | Reached XP level 1. HP: 18/18 MP: 2/2
    18 | Abyss:1  | Found a corrupted altar of Lugonu.
    60 | Abyss:1  | Noticed a wizard
    60 | Abyss:1  | Noticed a hellwing
    60 | Abyss:1  | Noticed a small abomination
    62 | Abyss:1  | Noticed an iron imp
    63 | D:1      | Escaped the Abyss
   279 | D:1      | Reached XP level 2. HP: 24/24 MP: 3/3
   431 | D:1      | Reached * piety under Lugonu
  1080 | D:2      | Reached XP level 3. HP: 28/29 MP: 4/4
  1218 | D:2      | Reached skill level 1 in Shields
  2239 | D:2      | Reached XP level 4. HP: 19/37 MP: 5/5
  2439 | D:2      | Reached ** piety under Lugonu
  2965 | D:3      | Noticed an ogre
  3404 | D:3      | Found a sparkling altar of Nemelex Xobeh.
  3407 | D:3      | Found an opulent altar of Gozag.
  3440 | D:3      | Reached XP level 5. HP: 38/42 MP: 6/6
  3529 | D:3      | Noticed Sigmund
  3898 | D:4      | Found a shattered altar of Ashenzari.
  3906 | D:4      | Reached skill level 4 in Fighting
  4207 | D:4      | Noticed Natasha
  4219 | D:5      | Entered Level 5 of the Dungeon
  4219 | D:5      | Found Emymenk's Jewellery Shoppe.
  4220 | D:5      | Found a staircase to the Ecumenical Temple.
  4250 | D:5      | Noticed an ice beast
  4265 | D:5      | Reached XP level 6. HP: 23/48 MP: 7/7
  4276 | D:5      | Killed an ice beast
  4299 | D:5      | Found Pevogg's Distillery.
  4317 | D:5      | Bought a potion of ambrosia for 88 gold pieces
  4317 | D:5      | Bought a potion of lignification for 33 gold pieces
  4327 | D:5      | Noticed Menkaure
  4351 | D:5      | Killed Menkaure
  4351 | D:5      | Reached XP level 7. HP: 46/55 MP: 8/8
  4386 | D:5      | Found Ruheig's Assorted Antiques.
  4403 | D:4      | Killed Natasha
  4801 | D:4      | Noticed Natasha
  4819 | D:4      | Killed Natasha
  4819 | D:4      | Reached skill level 5 in Fighting
  4968 | D:4      | Noticed Grinder
  5051 | D:4      | Reached skill level 5 in Armour
  5084 | D:4      | Killed Grinder
  5084 | D:4      | Reached skill level 5 in Long Blades
  5084 | D:4      | Reached XP level 8. HP: 10/64 MP: 9/9
  5541 | D:4      | Reached *** piety under Lugonu
  5628 | D:4      | Noticed Natasha
  5644 | D:4      | Killed Natasha
  5644 | D:4      | Reached skill level 6 in Fighting
  5920 | Temple   | Entered the Ecumenical Temple
  6519 | D:5      | Found an oddly glowing altar of Pakellas.
  6618 | D:5      | Found Ichisoen's Antique Weapon Shop.
  6946 | D:6      | Noticed Edmund
  6973 | D:6      | Killed Edmund
  6973 | D:6      | Reached XP level 9. HP: 50/71 MP: 10/10
  6980 | D:6      | Reached skill level 7 in Fighting
  7077 | D:6      | Found a white marble altar of Elyvilon.
  7993 | D:7      | Reached **** piety under Lugonu
  8612 | D:8      | Found a sacrificial altar of Ru.
  8630 | D:8      | Reached skill level 8 in Fighting
  8661 | D:8      | Found an opulent altar of Gozag.
  8686 | D:8      | Found a hazy altar of Hepliaklqana.
  8949 | D:8      | Slain by an orc warrior

Vault maps used:
D:1:      elethiomel_arrival_infinity_welcomes_careful_drivers, serial_forest,
          infiniplex_forest_clump_curved, infiniplex_forest_lined_2,
          infiniplex_forest_fountain, infiniplex_forest_corner_2,
          infiniplex_forest_clump_small, infiniplex_forest_straight_5,
          infiniplex_forest_clump_double, infiniplex_forest_lined_2
D:2:      minmay_surrounded
D:3:      grunt_temple_overflow_opulence, uniq_sigmund
D:4:      ashenzari_altar_1, uniq_grinder, uniq_natasha
D:5:      enter_ossuary_5, serial_shops, shop, shop, nicolae_shop_trees, shop,
          first_bread, grunt_pakellas_salt, uniq_menkaure
D:6:      lemuel_crystal_altar, uniq_edmund
D:7:      grunt_livestock
D:8:      overflow_temple_1_default, marbit_many_paths,
          nicolae_overflow_crystal_walls,
          nicolae_gozag_cash_rules_everything_around_me
Temple:   dpeg_chambers_temple

Skill      XL: |  1  2  3  4  5  6  7  8  9 |
---------------+----------------------------+-----
Shields        | 1 2 3 4 |  4.1
Armour         | 3 4 5 6 7 |  7.9
Fighting       | 4 5 6 8 |  8.1
Long Blades    | 3 5 7 |  7.2
Dodging        | |  0.8
Invocations    | |  2.5

Action                   |  1- 3 |  4- 6 |  7- 9 || total
-------------------------+-------+-------+-------++-------
Melee: Falchion          |   146 |   181 |   544 ||   871
Throw: Throwing net      |       |       |     2 ||     2
Invok: Depart the Abyss  |     1 |       |       ||     1
 Abil: Dig               |     1 |     2 |     6 ||     9
  Use: Scroll            |       |    12 |       ||    12
       Potion            |       |     7 |     2 ||     9
 Stab: Held in net/web   |       |       |     1 ||     1
  Eat: Chunk             |     4 |     5 |    17 ||    26
       Fruit             |       |     1 |     1 ||     2
Armor: Leather armour    |    20 |    15 |     1 ||    36
       Skin              |       |    16 |       ||    16
       Chain mail        |       |       |   162 ||   162
Dodge: Dodged            |    51 |    68 |   137 ||   256
Block: Buckler           |    11 |    35 |    99 ||   145
